 Dungeon Crawl Stone Soup version 0.29-a0-241-g20d21d4356 (webtiles) character file.

Game seed: 5280337515809164161

3530 Ordine the Carver (level 10, -13/63 HPs)
             Began as a Tengu Warper on Mar 4, 2022.
             Was a Priest of Okawaru.
             Mangled by a freezing wraith (22 damage)
             ... on level 8 of the Dungeon.
             The game lasted 00:23:02 (11272 turns).

Ordine the Carver (Tengu Warper)                   Turns: 11272, Time: 00:23:03

Health: -13/63     AC: 11    Str: 11    XL:     10   Next: 8%
Magic:  12/14      EV: 14    Int: 14    God:    Okawaru [***...]
Gold:   340        SH:  5    Dex: 18    Spells: 13/13 levels left

rFire   + . .      SeeInvis .   a - +0 long sword
rCold   . . .      Faith    .   (no shield)
rNeg    . . .      Spirit   .   E - +3 scale mail {rF+}
rPois   +          Reflect  +   (helmet restricted)
rElec   .          Harm     .   (no cloak)
rCorr   .          Rampage  .   q - +0 pair of gloves
Will    .....                   (boots unavailable)
Stlth   ++........              j - amulet of reflection
HPRegen 0.20/turn               g - ring of poison resistance
MPRegen 0.14/turn               (no ring)

@: heroic, flying quickly and evasively, slowed, very slow
A: beak, talons 3, nimble flight
a: Renounce Religion, Heroism


You were on level 8 of the Dungeon.
You worshipped Okawaru.
Okawaru was most pleased with you.
You visited 2 branches of the dungeon, and saw 9 of its levels.

You collected 537 gold pieces.
You spent 197 gold pieces at shops.

Inventory:

Hand Weapons
 a - a +0 long sword (weapon)
 b - the +1 short sword of Proximity {freeze, rF+ SInv}
   (You found it on level 2 of the Dungeon)

   It freezes those it strikes, dealing additional cold damage.
   It can also slow down cold-blooded creatures.
   rF:        It protects you from fire.
   SInv:      It lets you see invisible.
 p - a +0 double sword
Missiles
 d - 4 boomerangs of dispersal
 k - 27 poisoned darts (quivered)
 v - 4 curare-tipped darts
 G - a silver boomerang
 J - 4 boomerangs
 K - 6 javelins
Armour
 q - a +0 pair of gloves (worn)
 t - a +4 ring mail
 E - a +3 scale mail of fire resistance (worn)
Jewellery
 g - a ring of poison resistance (left hand)
 i - a ring of fire
 j - an amulet of reflection (around neck)
 F - an amulet of faith
Wands
 l - a wand of acid (8)
Scrolls
 c - 3 scrolls of blinking
 e - 5 scrolls of identify
 o - 2 scrolls of magic mapping
 x - 4 scrolls of teleportation
 y - 4 scrolls of immolation
 z - 2 scrolls of silence
 A - a scroll of fear
 B - a scroll of fog
 D - a scroll of vulnerability
 H - a scroll of enchant weapon
Potions
 f - 2 potions of lignification
 h - 3 potions of haste
 r - 5 potions of curing
 s - a potion of magic
 u - a potion of brilliance
 w - 3 potions of might
 C - a potion of mutation
 I - a potion of degeneration {unknown}
Miscellaneous
 m - a phantom mirror


   Skills:
 + Level 7.3(12.3) Fighting
 * Level 11.1(16.1) Long Blades
 + Level 7.1(12.1) Throwing
 - Level 1.1(6.1) Armour
 - Level 2.1(7.1) Dodging
 - Level 2.0 Spellcasting
 - Level 2.4 Translocations


You had 13 spell levels left.
You didn't know any spells.
Your spell library contained the following spells:

 Spells                   Type           Power      Damage    Failure   Level
 Blink                    Tloc           16%        N/A       54%         2
 Pain                     Necr           4%         1d4       75%         1
 Gell's Gravitas          Tloc           8%         N/A       78%         3
 Lesser Beckoning         Tloc           8%         N/A       78%         3
 Teleport Other           Tloc           8%         N/A       78%         3
 Corpse Rot               Necr/Air       2%         N/A       86%         2
 Poisonous Vapours        Pois/Air       2%         N/A       86%         2
 Vampiric Draining        Necr           1%         2d6       98%         3
 Anguish                  Hex/Necr       0%         N/A       100%        4
 Manifold Assault         Tloc           8%         N/A       100%        5
 Enfeeble                 Hex            0%         N/A       100%        7
 Animate Skeleton         Necr           Unusable   N/A       N/A         1
 Tukima's Dance           Hex            Unusable   N/A       N/A         3

Dungeon Overview and Level Annotations

Branches:
Dungeon (8/15)             Temple (1/1) D:5
   Lair: D:8-11

Altars:
Dithmenos
Elyvilon
Fedhas
Gozag
Hepliaklqana
Kikubaaqudgha
Makhleb
Nemelex Xobeh
Okawaru
Qazlal
Ru
Sif Muna
Uskayaw
Vehumet
Wu Jian
Xom
Yredelemnul
The Shining One

Shops:
D:1 ?   D:8 (


Innate Abilities, Weirdness & Mutations

You have a beak for a mouth.
You have claws for feet.
Your magical nature lets you fly swiftly and evasively.


Message History

You feel much better. The freezing wraith closely misses you.
The freezing wraith hits you but does no damage.
The freezing wraith closely misses you. You block the freezing wraith's attack.
You closely miss the freezing wraith.
The freezing wraith is heavily damaged.
You feel yourself speed up. The freezing wraith barely misses you.
The freezing wraith hits you!
You slash the freezing wraith!
The freezing wraith is heavily damaged.
The freezing wraith hits you but does no damage.
The freezing wraith barely misses you.
You closely miss the freezing wraith.
You claw the freezing wraith, but do no damage.
Your punch misses the freezing wraith.
The freezing wraith is heavily damaged.
You closely miss the freezing wraith.
The freezing wraith is heavily damaged.
The freezing wraith hits you. The freezing wraith freezes you!!
* * * LOW HITPOINT WARNING * * *
The freezing wraith hits you but does no damage.
You feel much better. You block the freezing wraith's attack.
The freezing wraith barely misses you.
You barely miss the freezing wraith.
The freezing wraith is heavily damaged.
The freezing wraith hits you! The freezing wraith freezes you!
* * * LOW HITPOINT WARNING * * *
You block the freezing wraith's attack.
You feel much better. The freezing wraith barely misses you.
The freezing wraith hits you.
You gain the combat prowess of a mighty hero.
The freezing wraith barely misses you. The freezing wraith hits you.
* * * LOW HITPOINT WARNING * * *
The freezing wraith drains your vigour!
You feel yourself slow down.
You hit the freezing wraith but do no damage.
You claw the freezing wraith, but do no damage.
The freezing wraith is heavily damaged.
The freezing wraith hits you!
* * * LOW HITPOINT WARNING * * *
The freezing wraith freezes you!!
You die...

....#####....#.....#
.##.##.##.#.###...##
.##.#...#....###)########
.##.......#........##...##
.##########..).....#.....#
.####### #.....8..')....#
.......####........#[....#
.......))).........##...##
.......#########@########
.#..#..# #.W.# ≈≈≈≈≈≈.#
#.....# )......# #.....#
≈≈≈≈≈≈.# #.....# .#..#..#
##...## P.P.PP.# #####
######.# .....(.#


You could see a freezing wraith.

Vanquished Creatures
  A centaur warrior (D:8)
  A human (D:8)
  2 vampire mosquitoes
  Edmund (D:6)
  A water moccasin (D:7)
  2 orc warriors
  3 ice beasts
  3 black bears
  2 sky beasts
  A centaur (D:8)
  2 phantoms
  A kobold brigand (D:7)
  Blork the orc (D:6)
  A bullfrog (D:8)
  A scorpion (D:6)
  3 electric eels (D:8)
  A howler monkey (D:7)
  A jelly (D:6)
  2 orc priests
  4 hounds
  3 gnoll shamans
  3 iguanas (D:7)
  3 orc wizards (D:4)
  10 adders
  12 gnolls
  A shadow imp (D:7)
  A white imp (D:8)
  2 dart slugs
  23 orcs
  7 bats
  5 endoplasms
  4 giant cockroaches
  8 goblins
  8 hobgoblins
  5 jackals
  13 kobolds
  2 quokkas (D:3)
  9 ball pythons
  3 frilled lizards
  A jackal skeleton (D:8)
  A kobold zombie (D:8)
  5 rats
163 creatures vanquished.

Vanquished Creatures (others)
  9 plants (D:8)
9 creatures vanquished.

Grand Total: 172 creatures vanquished

Notes
Turn   | Place    | Note
-------+----------+-------------------------------------------
     0 | D:1      | Ordine the Tengu Warper began the quest for the Orb.
     0 | D:1      | Reached XP level 1. HP: 12/12 MP: 4/4
    24 | D:1      | Found Howux's Magic Scroll Boutique.
    33 | D:1      | Bought a scroll of identify for 22 gold pieces
   156 | D:1      | Reached XP level 2. HP: 17/17 MP: 6/6
   629 | D:1      | Reached skill level 3 in Long Blades
   818 | D:1      | Bought a scroll of identify for 22 gold pieces
   906 | D:2      | Reached XP level 3. HP: 14/22 MP: 7/7
   921 | D:2      | Identified the +1 short sword of Proximity {freeze, rF+
                  | SInv}
  1410 | D:2      | Reached XP level 4. HP: 23/27 MP: 8/8
  1832 | D:3      | Found a shadowy altar of Dithmenos.
  1941 | D:3      | Found a shimmering altar of Xom.
  2062 | D:3      | Noticed a sky beast
  2084 | D:3      | Killed a sky beast
  2085 | D:3      | Reached skill level 4 in Long Blades
  2085 | D:3      | Gained mutation: Your magical nature lets you fly swiftly
                  | and evasively. [Tengu growth]
  2085 | D:3      | Reached XP level 5. HP: 18/32 MP: 9/9
  2588 | D:4      | Noticed a phantom
  2601 | D:4      | Killed a phantom
  2602 | D:4      | Reached skill level 5 in Long Blades
  2602 | D:4      | Reached XP level 6. HP: 37/37 MP: 10/10
  3652 | D:1      | Bought a scroll of teleportation for 33 gold pieces
  3652 | D:1      | Bought a scroll of immolation for 38 gold pieces
  3652 | D:1      | Bought a scroll of silence for 82 gold pieces
  3715 | D:5      | Entered Level 5 of the Dungeon
  3715 | D:5      | Noticed an orc warrior
  3964 | D:5      | Reached XP level 7. HP: 37/42 MP: 11/11
  3976 | D:5      | Reached skill level 6 in Long Blades
  4048 | D:5      | Found a staircase to the Ecumenical Temple.
  5290 | Temple   | Entered the Ecumenical Temple
  5320 | Temple   | Became a worshipper of Warmaster Okawaru
  5620 | D:5      | Found a stormy altar of Qazlal.
  5620 | D:5      | Found a burning altar of Makhleb.
  5781 | D:6      | Reached skill level 7 in Long Blades
  5781 | D:6      | Reached XP level 8. HP: 33/48 MP: 12/12
  5815 | D:5      | Reached * piety under Okawaru
  5977 | D:6      | Reached skill level 5 in Fighting
  6347 | D:6      | Noticed Edmund
  6383 | D:6      | Killed Edmund
  6384 | D:6      | Reached skill level 8 in Long Blades
  6387 | D:6      | Reached skill level 5 in Throwing
  6750 | D:6      | Noticed Blork the orc
  6765 | D:6      | Killed Blork the orc
  7160 | D:6      | Reached ** piety under Okawaru
  7161 | D:6      | Reached skill level 9 in Long Blades
  7161 | D:6      | Reached XP level 9. HP: 41/55 MP: 13/13
  8255 | D:7      | Found a sacrificial altar of Ru.
  8716 | D:7      | Found an ancient bone altar of Kikubaaqudgha.
  9671 | D:8      | Reached skill level 10 in Long Blades
  9839 | D:8      | Found Xakakiywk's Weapon Shoppe.
  9933 | D:8      | Found a runed translucent door.
  9942 | D:8      | Found a basalt altar of Yredelemnul.
 10312 | D:8      | Found a white marble altar of Elyvilon.
 11020 | D:8      | Noticed a centaur warrior
 11036 | D:8      | Killed a centaur warrior
 11036 | D:8      | Reached *** piety under Okawaru
 11036 | D:8      | Received a gift from Okawaru
 11037 | D:8      | Reached skill level 11 in Long Blades
 11037 | D:8      | Reached XP level 10. HP: 25/63 MP: 14/14
 11262 | D:8      | HP: 3/63 [freezing wraith (17)]
 11267 | D:8      | HP: 1/63 [freezing wraith (22)]
 11272 | D:8      | Mangled by a freezing wraith

Illustrated notes

Levels and vault maps discovered:
D:1:      lightli_arrival_maybe_door_vault, layout_basic, serial_shops, shop,
          hangedman_decor_push
D:2:      layout_loops_cross
D:3:      minmay_octagon_keep, layout_rooms, overflow_temple_1_default,
          marbit_many_paths, minmay_stone_trees_small,
          chequers_serial_rivers_large_a, kennysheep_cluttered_room,
          grunt_ministairs_10
D:4:      layout_gridville
D:5:      layout_rooms, gammafunk_temple_overflow_wave, minmay_temple_entry_grid
D:6:      nicolae_cairo_tiling, layout_basic, uniq_blork_the_orc, uniq_edmund
D:7:      layout_layer_cave, nicolae_ru_path_of_blood,
          mainiacjoe_overflow_surrounded_room
D:8:      layout_loops_ring, nicolae_elyvilon_temple_path,
          dk_yredelemnul_ordeal, serial_bayou, serial_bayou_pond_a,
          serial_bayou_pond_e, serial_bayou_lake_a, serial_bayou_shore_b,
          serial_bayou_pond_b, serial_bayou_lagoon_a, serial_shops, shop,
          minmay_three_doors
Temple:   zaba_magenta_temple

Skill      XL: |  1  2  3  4  5  6  7  8  9 |
---------------+----------------------------+-----
Long Blades    | 3 4 5 7 9 11 | 11.1
Throwing       | 2 3 4 5 7 |  7.1
Fighting       | 3 4 5 7 |  7.3
Armour         | |  1.1
Dodging        | |  2.1
Spellcasting   | |  2.0
Translocations | |  2.4

Action                   |  1- 3 |  4- 6 |  7- 9 | 10-12 || total
-------------------------+-------+-------+-------+-------++-------
Melee: Falchion          |    84 |   119 |    66 |       ||   269
       Kick              |    17 |    31 |   120 |     8 ||   176
       Peck              |    12 |    24 |    61 |     2 ||    99
       Short sword       |       |    29 |       |       ||    29
       Long sword        |       |       |   273 |    16 ||   289
       Punch             |       |       |     7 |     1 ||     8
Throw: Dart              |       |       |    16 |       ||    16
       Boomerang         |       |       |     1 |       ||     1
Invok: Heroism           |       |       |       |     1 ||     1
  Use: Scroll            |     3 |     5 |     5 |       ||    13
       Potion            |       |       |     1 |     3 ||     4
 Stab: Sleeping          |     2 |     3 |       |       ||     5
Armor: Leather armour    |    20 |     6 |       |       ||    26
       Ring mail         |       |    45 |    29 |       ||    74
       Scale mail        |       |       |    93 |     9 ||   102
Dodge: Dodged            |    52 |    77 |   175 |    11 ||   315
Block: Other             |    16 |    32 |    81 |     7 ||   136
       Reflection        |       |       |     2 |       ||     2

Table legend: (Time is in decaauts)
 A = Elapsed time spent in this place.
 B = Non-inter-level travel time spent in this place.
 C = Inter-level travel time spent in this place.
 D = Time resting spent in this place.
 E = Time spent auto-exploring this place.
 F = Levels seen in this place.
 G = Mean time per level.
                   A        B        C        D        E       F      G
               +--------+--------+--------+--------+--------+-----+--------+
         Total |  10854 |  10347 |    507 |   1945 |   6702 |   9 | 1206.0 |
       Dungeon |  10768 |  10277 |    491 |   1945 |   6644 |   8 | 1346.0 |
        Temple |     86 |     70 |     16 |      0 |     58 |   1 |   86.0 |
               +--------+--------+--------+--------+--------+-----+--------+

Top non-repeatable levels by time:
     D:7: 1804 daAuts
     D:6: 1702 daAuts
     D:3: 1687 daAuts
     D:8: 1564 daAuts
     D:4: 1545 daAuts
     D:1: 916 daAuts
     D:2: 808 daAuts
     D:5: 738 daAuts
  Temple: 86 daAuts
